 Dungeon Crawl Stone Soup version 0.27.1-3-gb3d3a73c9e (console) character file.

Game seed: 4134719322328963086

17055 om the Protected (level 12, -3/107 (111) HPs)
             Began as a Troll Berserker on Oct 19, 2021.
             Was a High Priest of Trog.
             Slain by an orc warrior (16 damage)
             ... while paralysed by an orc sorcerer
             ... on level 2 of the Orcish Mines.
             The game lasted 00:23:35 (9028 turns).

om the Protected (Troll Berserker)                  Turns: 9028, Time: 00:23:36

HP:   -3/107 (111)  AC: 30    Str: 28    XL:     12   Next: 15%
MP:   11/11         EV:  1    Int:  6    God:    Trog [*****.]
Gold: 1049          SH:  0    Dex: 18    Spells: 11/11 levels left

rFire    + + .     SeeInvis +     - Unarmed
rCold    + . .     Faith    .   m - +1 kite shield {rF+}
rNeg     . . .     Spirit   .   d - +11 gold dragon scales "Ustieh" {rPois rF+ rC+ Int+2}
rPois    +         Reflect  .   F - +0 hat {SInv}
rElec    .         Harm     .   B - scarf {+Inv}
rCorr    .         Rampage  .   (gloves unavailable)
Will     .....                  (boots unavailable)
Stlth    ..........             f - amulet of regeneration
HPRegen  2.27/turn              w - +6 ring of dexterity
MPRegen  0.12/turn              (no ring)

@: paralysed, on berserk cooldown, slowed, lightly drained
A: large, unfitting armour, claws 3, regeneration 1, shaggy fur 1, tough skin 1
a: Renounce Religion, Evoke Invisibility, Berserk, Trog's Hand, Brothers in Arms


You were on level 2 of the Orcish Mines.
You worshipped Trog.
Trog was extremely pleased with you.
You visited 2 branches of the dungeon, and saw 13 of its levels.
You also visited: Ossuary and Gauntlet.

You collected 1049 gold pieces.

Inventory:

Hand Weapons
 J - a +2 vorpal mace
Missiles
 G - 5 javelins (quivered)
Armour
 d - the +11 gold dragon scales "Ustieh" (worn) {rPois rF+ rC+ Int+2}
   (You acquired it on level 4 of the Dungeon)

   Int:       It affects your intelligence (+2).
   rF:        It protects you from fire.
   rC:        It protects you from cold.
   rPois:     It protects you from poison.
 m - a +1 kite shield of fire resistance (worn)
 B - a scarf of invisibility (worn)
 F - a +0 hat of see invisible (worn)
Jewellery
 f - an amulet of regeneration (around neck)
 h - a ring of ice
 j - a ring of ice
 v - an amulet of reflection
 w - a +6 ring of dexterity (left claw)
 C - a ring of ice
 D - a ring of ice
Wands
 n - a wand of paralysis (13)
 o - a wand of acid (6)
 y - a wand of digging (5)
 H - a wand of mindburst (14)
 I - a wand of polymorph (6)
Scrolls
 a - a scroll of holy word {unknown}
 e - 3 scrolls of teleportation
 g - 4 scrolls of fear
 k - 2 scrolls of amnesia {unknown}
 l - 4 scrolls of enchant weapon
 p - a scroll of noise {unknown}
 s - 2 scrolls of magic mapping
 t - 3 scrolls of identify
 z - a scroll of torment {unknown}
 A - 2 scrolls of blinking {unknown}
Potions
 b - 2 potions of curing
 c - 2 potions of might
 i - 4 potions of lignification
 q - 4 potions of haste
 r - 2 potions of resistance {unknown}
 u - a potion of mutation {unknown}
 x - 2 potions of flight {unknown}
 E - a potion of attraction
Miscellaneous
 K - a piece from Xom's chessboard (15/15)


   Skills:
 - Level 5.0 Fighting
 - Level 1.3 Maces & Flails
 * Level 10.0 Armour
 - Level 6.0 Dodging
 - Level 9.0 Shields
 * Level 9.4 Unarmed Combat


You had 11 spell levels left.
You didn't know any spells.
Your spell library was empty.

Dungeon Overview and Level Annotations

Branches:
Dungeon (11/15)            Temple (0/1) D:6            Lair (0/6) D:9
    Orc (2/2) D:11            Elf (0/3) Orc:2       Ossuary (visited)
Gauntlet (visited)

Altars:
Ashenzari
Cheibriados
Elyvilon
Hepliaklqana
Kikubaaqudgha
Makhleb
Sif Muna
Zin

Shops:
D:1 :   Orc:2 (

Annotations:
D:8 4 runed translucent doors


Innate Abilities, Weirdness & Mutations

You are too large for most types of armour.
You have claws for hands.
Your natural rate of healing is unusually fast.
You are covered in fur. (AC +1)
You have tough skin. (AC +1)


Message History

You block the orc's attack.
The orc throws a boomerang.
You block the boomerang. The orc barely misses you.
The orc knight hits you but does no damage.
The orc hits you but does no damage.
You closely miss the orc.
The orc no longer looks unusually strong.
You block the orc's attack. The orc hits you but does no damage.
The orc knight hits you from afar with a +0 bardiche!
You block the orc's attack.
The orc throws a boomerang.
The boomerang hits you but does no damage.
You block the orc's attack.
You are too injured to fight recklessly!
You are too injured to fight recklessly!
Unknown command.
You are too injured to fight recklessly!
You closely miss the orc wizard.
The orc no longer looks unusually strong.
The orc knight barely misses you. You block the orc's attack.
The orc hits you but does no damage.
You scratch the orc sorcerer.
The orc sorcerer is lightly wounded.
The orc knight roars a battlecry!
The orcs go into a battle-frenzy!
You block the orc's attack. The orc hits you but does no damage.
You block the orc's attack. You block the orc knight's attack.
You scratch the orc sorcerer.
The orc sorcerer is moderately wounded.
The orc wizard no longer looks unusually strong.
You block the orc's attack. The orc hits you but does no damage.
The orc sorcerer casts a spell at you.
You suddenly lose the ability to move!
The orc knight hits you but does no damage.
The orc warrior hits you from afar with a +0 trident!
The orc hits you but does no damage. x2
The orc hits you but does no damage.
The orc sorcerer points at you and mumbles some strange words.
The bolt of negative energy hits you!!
You feel drained.
* * * LOW HITPOINT WARNING * * *
The orc knight hits you from afar with a +0 bardiche!
* * * LOW HITPOINT WARNING * * *
The orc warrior hits you from afar with a +0 trident!
You die...

,,#..###...o...............#.....
,#....#.#..#.................$...
*##..#......o..o..........[).....
###...........$.......))[......
**#.....$...[.........[.)......
**...........$.........)[.......
*,.......................<.....#
**.#.$...........<.).)..........
**###.......o.o.o..#)..........
*#.#......oooo...............
*..........#@o...............
**......#.##.................
**#.#.###*##..##.#...###....
**##* ########### *####


You could see an orc knight, an orc sorcerer (strong), an orc warrior (strong),
an orc wizard (invisible) and 4 orcs.

Vanquished Creatures
  A minotaur (Gauntlet)
  An ettin (Orc:2)
  The ghost of FortyBot the Carver, a journeyman FoFi of Okawaru (D:8)
  A boulder beetle (Orc:1)
  A centaur warrior (D:9)
  Fannar (Orc:1)
  3 two-headed ogres
  An orc high priest (Orc:2)
  Maggie (D:7)
  2 trolls
  A queen bee (Gauntlet)
  A hornet (D:9)
  A wolf spider simulacrum (Gauntlet)
  4 centaur simulacra (Gauntlet)
  A wyvern (D:9)
  6 yaks (D:10)
  A vampire mosquito (D:8)
  A steam dragon (D:7)
  5 wargs
  An acid dragon (D:8)
  A water moccasin (D:7)
  13 orc warriors
  2 ice beasts
  2 ogres
  A black bear (D:7)
  An ice dragon simulacrum (Gauntlet)
  2 centaurs
  A kobold brigand (D:9)
  2 bullfrogs (D:8)
  2 gnoll sergeants
  A scorpion (D:5)
  A wyvern zombie (D:7)
  A hornet simulacrum (Gauntlet)
  A water moccasin zombie (D:6)
  17 killer bees
  11 wights
  5 howler monkeys
  A bullfrog zombie (D:6)
  4 centaur zombies
  A gnoll shaman (D:8)
  A jelly (D:8)
  2 quasits (D:8)
  14 orc priests
  2 bullfrog skeletons
  An iguana (D:5)
  25 orc wizards
  2 killer bee zombies
  A hound skeleton (D:5)
  A mummy (Ossuary)
  A howler monkey zombie (D:10)
  12 gnolls
  A howler monkey skeleton (D:4)
  7 adders
  A shadow imp (D:8)
  An ufetubus (D:6)
  An adder zombie (D:5)
  5 dart slugs
  47 orcs
  2 spectral bats (Ossuary)
  5 bats
  5 endoplasms
  4 giant cockroaches
  12 gnoll zombies (Ossuary)
  5 hobgoblins
  5 quokkas
  9 ball pythons
  3 bat simulacra (Ossuary)
  5 frilled lizards
  9 goblins
  3 goblin simulacra (Ossuary)
  A goblin zombie (Ossuary)
  8 hobgoblin zombies (Ossuary)
  10 kobolds
  6 kobold simulacra (Ossuary)
  6 kobold zombies (Ossuary)
  3 orc zombies (Ossuary)
  7 rats
  3 rat simulacra (Ossuary)
  4 spectral goblins (Ossuary)
  5 spectral kobolds (Ossuary)
  4 spectral rats (Ossuary)
354 creatures vanquished.

Vanquished Creatures (collateral kills)
  An orc high priest (Orc:2)
1 creature vanquished.

Vanquished Creatures (others)
  5 fungi (Gauntlet)
  13 plants
18 creatures vanquished.

Grand Total: 373 creatures vanquished

Notes
Turn   | Place    | Note
-------+----------+-------------------------------------------
     0 | D:1      | om the Troll Berserker began the quest for the Orb.
     0 | D:1      | Reached XP level 1. HP: 22/22 MP: 0/0
   352 | D:1      | Found Neadded's Book Shoppe.
   366 | D:1      | Found a faded altar of an unknown god.
   451 | D:1      | Reached XP level 2. HP: 29/29 MP: 1/1
   829 | D:1      | Reached XP level 3. HP: 36/36 MP: 2/2
   987 | D:2      | Reached ** piety under Trog
  1208 | D:2      | Reached XP level 4. HP: 39/44 MP: 3/3
  1647 | D:3      | Found a white marble altar of Elyvilon.
  2023 | D:4      | Reached XP level 5. HP: 50/53 MP: 4/4
  2040 | D:3      | Reached *** piety under Trog
  2088 | D:4      | Identified 2 scrolls of acquirement
  2088 | D:4      | Acquired a +1 kite shield of fire resistance
  2093 | D:4      | Acquired the +11 gold dragon scales "Ustieh" {rPois rF+ rC+
                  | Int+2}
  2160 | D:4      | Reached XP level 6. HP: 56/61 MP: 5/5
  2591 | D:4      | Reached skill level 5 in Unarmed Combat
  2878 | D:5      | Entered Level 5 of the Dungeon
  3132 | D:5      | Reached skill level 1 in Armour
  3132 | D:5      | Reached skill level 1 in Shields
  3155 | D:5      | Reached XP level 7. HP: 67/67 MP: 6/6
  3245 | D:5      | Found a snail-covered altar of Cheibriados.
  3354 | D:6      | Reached **** piety under Trog
  3418 | D:6      | Found a staircase to the Ecumenical Temple.
  3560 | D:6      | Reached skill level 2 in Armour
  3736 | D:6      | Reached skill level 1 in Maces & Flails
  3832 | D:6      | Reached XP level 8. HP: 78/78 MP: 7/7
  4030 | D:7      | Reached skill level 3 in Armour
  4030 | D:7      | Reached skill level 5 in Dodging
  4314 | D:7      | Reached skill level 4 in Armour
  4444 | D:7      | Reached XP level 9. HP: 84/84 MP: 8/8
  4503 | D:7      | Noticed Maggie
  4518 | D:7      | Killed Maggie
  4530 | D:7      | Reached skill level 5 in Armour
  4565 | D:7      | Reached skill level 5 in Shields
  4569 | D:7      | Found a glowing silver altar of Zin.
  4836 | D:8      | Noticed a two-headed ogre
  4846 | D:8      | Killed a two-headed ogre
  4847 | D:8      | Reached skill level 6 in Armour
  4854 | D:8      | Found an ancient bone altar of Kikubaaqudgha.
  4882 | D:8      | Found a sand-covered staircase.
  4914 | Ossuary  | Entered an ossuary
  4923 | Ossuary  | Reached ***** piety under Trog
  5146 | Ossuary  | Received a gift from Trog
  5437 | D:8      | Found a transporter.
  5446 | D:8      | Noticed FortyBot's ghost (journeyman FoFi)
  5479 | D:8      | Found a transporter.
  5497 | D:8      | Found a large runed translucent door.
  5497 | D:8      | Found a large runed translucent door.
  5500 | D:8      | Noticed a five-headed hydra
  5505 | D:8      | Found a large runed translucent door.
  5505 | D:8      | Found a large runed translucent door.
  5539 | D:8      | Reached XP level 10. HP: 81/90 MP: 9/9
  5832 | D:8      | Killed FortyBot's ghost
  5833 | D:8      | Reached skill level 7 in Armour
  5956 | D:9      | Noticed a centaur warrior
  5975 | D:9      | Killed a centaur warrior
  5976 | D:9      | Reached skill level 8 in Armour
  6020 | D:9      | Noticed a two-headed ogre
  6034 | D:9      | Killed a two-headed ogre
  6166 | D:9      | Noticed a purple ugly thing
  6274 | D:9      | Identified the +5 hunting sling "Imp's Demise" {speed,
                  | Dex+4}
  6274 | D:9      | Noticed a cyclops
  6274 | D:9      | Noticed a white ugly thing
  6276 | D:9      | Noticed a cyclops
  6276 | D:9      | Noticed a deep elf pyromancer
  6301 | D:9      | Identified the ring of Polytheism {rF+ Dex+2}
  6301 | D:9      | Noticed a centaur warrior
  6347 | D:9      | Found a shimmering blue altar of Sif Muna.
  6483 | D:9      | Found a hazy altar of Hepliaklqana.
  6484 | D:9      | Found a broken altar of Ashenzari.
  6484 | D:9      | Found a burning altar of Makhleb.
  6508 | D:9      | Found a staircase to the Lair.
  6522 | D:9      | Reached XP level 11. HP: 90/100 MP: 10/10
  6631 | D:10     | Entered Level 10 of the Dungeon
  6772 | D:10     | Reached ****** piety under Trog
  6786 | D:10     | Received a gift from Trog
  7521 | D:11     | Found a staircase to the Orcish Mines.
  7530 | Orc:1    | Entered Level 1 of the Orcish Mines
  7668 | Orc:1    | Noticed Fannar
  7682 | Orc:1    | Killed Fannar
  7795 | Orc:1    | Noticed a boulder beetle
  7816 | Orc:1    | Killed a boulder beetle
  8168 | Orc:2    | Entered Level 2 of the Orcish Mines
  8171 | Orc:2    | Noticed an ettin
  8186 | Orc:2    | Killed an ettin
  8187 | Orc:2    | Reached skill level 5 in Fighting
  8187 | Orc:2    | Reached skill level 9 in Armour
  8229 | Orc:2    | Found Yhagiror's Antique Weapon Shop.
  8232 | Orc:2    | Found a gate leading to a gauntlet.
  8235 | Orc:2    | Noticed a two-headed ogre
  8241 | Gauntlet | Entered a Gauntlet
  8241 | Gauntlet | Found a runed translucent door.
  8241 | Gauntlet | Found a transporter.
  8241 | Gauntlet | Found a transporter.
  8241 | Gauntlet | Found a runed translucent door.
  8251 | Gauntlet | Found a transporter.
  8254 | Gauntlet | Found a transporter.
  8262 | Gauntlet | Found a transporter.
  8265 | Gauntlet | Found a transporter.
  8282 | Gauntlet | Found a transporter.
  8291 | Gauntlet | Found a transporter.
  8296 | Gauntlet | Found a transporter.
  8299 | Gauntlet | Found a transporter.
  8305 | Gauntlet | Noticed a catoblepas
  8310 | Gauntlet | Found a transporter.
  8312 | Gauntlet | Found a transporter.
  8825 | Gauntlet | Noticed a minotaur
  8836 | Gauntlet | Killed a minotaur
  8901 | Orc:2    | Killed a two-headed ogre
  8902 | Orc:2    | Reached XP level 12. HP: 111/111 MP: 11/11
  8911 | Orc:2    | Noticed an orc high priest
  8942 | Orc:2    | Noticed an orc high priest
  8946 | Orc:2    | Killed an orc high priest
  9014 | Orc:2    | Killed an orc high priest
  9015 | Orc:2    | Reached skill level 10 in Armour
  9027 | Orc:2    | Paralysed by an orc sorcerer for 2 turns
  9028 | Orc:2    | Slain by an orc warrior

Illustrated notes

Levels and vault maps discovered:
D:1:      lightli_arrival_windingriver, layout_loops_corners,
          ebering_ecumenical_altar_mist, serial_shops, nicolae_diamond_shop,
          skrybe_limestone_x, minmay_misc_feat_doors, minmay_door_square,
          minmay_misc_feat_chi, minmay_box_of_dots
D:2:      layout_rooms, minmay_octomino_e4
D:3:      layout_loops_ring, old_standard_altar, chequers_serial_rivers_large_a
D:4:      layout_loops_ring
D:5:      layout_rooms, lemuel_crystal_altar
D:6:      layout_rooms, minmay_temple_entry_large_hall
D:7:      layout_basic, nicolae_overflow_crystal_walls, uniq_maggie
D:8:      layout_rooms, mainiacjoe_overflow_alcove_2,
          gammafunk_ghost_stat_death, nicolae_ossuary_entry_ruins,
          minmay_hollow_rounded_squares
D:9:      layout_basic, chequers_temple_overflow_statue_of_worship,
          lemuel_tele_altar, erik_lair_orcish_takeover, minivault_12
D:10:     layout_irregular_city, grunt_decor_one_mirror
D:11:     layout_loops_cross, minmay_orc_entry_temple_small, evilmike_butchery,
          uniq_gastronok
Orc:1:    layout_caves, rock_pile, uniq_fannar
Orc:2:    st_orc_elflike, layout_caves, serial_shops, shop,
          gauntlet_entry_generic, basic_altar, guppyfry_orc_lava_fort

Skill      XL: |  1  2  3  4  5  6  7  8  9 10 11 12 |
---------------+-------------------------------------+-----
Dodging        | 3 4 5 6 |  6.0
Unarmed Combat | 4 5 6 9 |  9.4
Fighting       | 3 4 5 |  5.0
Armour         | 1 2 4 6 8 9 10 | 10.0
Shields        | 1 2 4 6 8 9 |  9.0
Maces & Flails | 1 |  1.3

Action                   |  1- 3 |  4- 6 |  7- 9 | 10-12 || total
-------------------------+-------+-------+-------+-------++-------
Melee: Unarmed           |    92 |   188 |   450 |   518 ||  1248
       Punch             |     3 |     1 |     1 |       ||     5
       Giant spiked club |       |       |    49 |       ||    49
Invok: Berserk           |       |     1 |     9 |    11 ||    21
       Trog's Hand       |       |       |       |     1 ||     1
       Brothers in Arms  |       |       |       |     1 ||     1
  Use: Scroll            |     3 |     8 |     4 |     5 ||    20
       Potion            |       |       |       |     3 ||     3
 Stab: Sleeping          |     1 |       |       |       ||     1
Armor: Animal skin       |    28 |    28 |       |       ||    56
       Gold dragon scale |       |   125 |   581 |   431 ||  1137
Dodge: Dodged            |    58 |    36 |    58 |   116 ||   268
Block: Kite shield       |       |       |   290 |   462 ||   752
